 Dungeon Crawl Stone Soup version 0.32-a0-872-g59262bdc9b (webtiles) character file.

Game seed: 11431582456136493190

407 smashvw the Shield-Bearer (level 7, -5/57 HPs)
             Began as a Formicid Fighter on Mar 30, 2024.
             Was a Follower of Okawaru.
             Slain by an ogre
             ... wielding a +0 giant club
              (19 damage)
             ... on level 4 of the Dungeon.
             The game lasted 00:09:45 (3523 turns).

smashvw the Shield-Bearer (Formicid Fighter)        Turns: 3523, Time: 00:09:45

Health: -5/57      AC:  8    Str: 22    XL:     7   Next: 12%
Magic:  7/7        EV:  8    Int:  8    God:    Okawaru [*.....]
Gold:   197        SH:  6    Dex: 19    Spells: 6/6 levels left

rFire   . . .        a - +0 war axe
rCold   . . .        c - +0 buckler
rNeg    . . .        b - +0 scale mail
rPois   .            (helmet unavailable)
rElec   .            (no cloak)
rCorr   .            (no gloves)
SInv    +            p - +0 pair of boots
Will    .....        (no amulet) Stlth
                     h - +4 ring of slaying
HPRegen 0.29/turn    l - +6 ring of dexterity
MPRegen 0.10/turn

%: no passive effects
@: no status effects
A: permanent stasis, dig shafts and tunnels, antennae 3, four strong arms
a: Dig, Shaft Self, Renounce Religion, Heroism


You were on level 4 of the Dungeon.
You worshipped Okawaru.
Okawaru was aware of your devotion.
You visited 1 branch of the dungeon, and saw 5 of its levels.

You collected 197 gold pieces.

Inventory:

Hand Weapons
 a - a +0 war axe (weapon)
Armour
 b - a +0 scale mail (worn)
 c - a +0 buckler (worn)
 p - a +0 pair of boots (worn)
Jewellery
 h - a +4 ring of slaying (left hand)
 l - a +6 ring of dexterity (right hand)
Wands
 q - a wand of polymorph (7)
Scrolls
 e - 5 scrolls of identify
 g - a scroll of revelation
 j - a scroll of amnesia {unknown}
 o - a scroll of teleportation {unknown}
 r - a scroll of immolation {unknown}
 t - a scroll of enchant weapon {unknown}
 u - a scroll of noise {unknown}
 v - a scroll of blinking {unknown}
Potions
 f - a potion of enlightenment {unknown}
 i - 2 potions of brilliance {unknown}
 k - a potion of mutation {unknown}
 m - 3 potions of heal wounds {unknown}
 n - 4 potions of curing {unknown}
 s - a potion of haste {unknown}
 w - 2 potions of invisibility {unknown}


   Skills:
 + Level 5.6 Fighting
 - Level 3.1 Axes
 + Level 3.0 Staves
 - Level 3.2 Armour
 - Level 6.0 Shields


You had 6 spell levels left.
You didn't know any spells.
Your spell library contained the following spells:

 Spells                   Type           Power      Damage    Failure   Level
 Magic Dart               Conj           0%         1d3       80%         1
 Searing Ray              Conj           0%         2d4       90%         2
 Fulminant Prism          Conj/Alch      0%         3d5       100%        4


Dungeon Overview and Level Annotations

Branches:
Dungeon (5/15)
 Temple: D:4-7

Altars:
Dithmenos
Makhleb
Okawaru
Trog
Zin

Shops:
D:1 *   D:3 ?:[(

Portals:
Abyss: D:4

Annotations:
D:4 2 transporters, PetalousPanoply's ghost, amateur MDFi


Innate Abilities, Weirdness & Mutations

You cannot be hasted, slowed, berserked, paralysed or teleported.
You can dig through walls and to a lower floor.
You have a pair of large antennae on your head. (SInv)
Your four strong arms can wield two-handed weapons with a shield.


Message History

Unknown command.
Found 9 stones.
A giant cockroach comes into view.
The giant cockroach waves its antennae.
You slash the giant cockroach!
You kill the giant cockroach!
Okawaru accepts your kill.
No target in view!
No target in view!
There is an open door here.
You see here 9 stones.
You open the door.
There is an open door here.
A scorpion comes into view.
A scorpion is nearby!
You slash the scorpion!
The scorpion is severely wounded.
The scorpion stings you. x2
You hit the scorpion.
The scorpion is almost dead.
The scorpion barely misses you.
You hit the scorpion.
You kill the scorpion!
Okawaru accepts your kill.
Your Staves skill increases to level 3!
You have reached level 7!
An ogre comes into view. It is wielding a +0 giant club.
The ogre shouts!
You block the ogre's attack.
You hit the ogre.
The ogre is lightly wounded.
The ogre hits you with a +0 giant club!!
You hit the ogre.
The ogre is lightly wounded.
The ogre hits you with a +0 giant club!!
* * * LOW HITPOINT WARNING * * *
You barely miss the ogre.
The ogre is lightly wounded.
The ogre hits you with a +0 giant club!!
You die...

.......... ..........
##....†... #.....†##
#......#. ###......#. .
..#########..#......##
....#..........#........
....'.O@.......#........
....#..........#######..
. #..##.###..##.)..#..
#..##.###..##....#..
#....#................#..
#....#..................#
#....#.....#######.....##
#....#.....# #....##.
####..<.#.....# ##...##..


You could see an ogre.

Vanquished Creatures
  An ogre (D:4)
  2 scorpions (D:4)
  A hound (D:4)
  A sleepcap (D:5)
  An orc wizard (D:3)
  3 adders
  2 dart slugs
  4 ribbon worms (D:2)
  6 orcs (D:3)
  7 bats
  6 endoplasms
  3 giant cockroaches
  9 hobgoblins
  3 quokkas
  8 ball pythons
  4 frilled lizards
  3 goblins
  10 kobolds
  4 rats
78 creatures vanquished.

Notes
Turn   | Place    | Note
-------+----------+-------------------------------------------
     0 | D:1      | smashvw the Formicid Fighter began the quest for the Orb.
     0 | D:1      | Reached XP level 1. HP: 18/18 MP: 1/1
   195 | D:1      | Reached XP level 2. HP: 23/24 MP: 2/2
   224 | D:1      | Found a faded altar of an unknown god.
   506 | D:1      | Found Huwoafix's General Store.
   793 | D:1      | Reached XP level 3. HP: 30/30 MP: 3/3
  1375 | D:2      | Reached XP level 4. HP: 34/37 MP: 4/4
  1553 | D:2      | Reached skill level 5 in Shields
  1602 | D:3      | Found Lifenium's Book Shoppe.
  1642 | D:3      | Found Apte's Magic Scroll Shoppe.
  1657 | D:3      | Reached XP level 5. HP: 43/43 MP: 5/5
  1784 | D:3      | Found Qeiruk's Armour Emporium.
  1849 | D:3      | Found Rozxocie's Weapon Boutique.
  1922 | D:3      | Found an iron altar of Okawaru.
  1923 | D:3      | Found a burning altar of Makhleb.
  1926 | D:3      | Became a worshipper of Warmaster Okawaru
  2508 | D:4      | Noticed an ogre
  2516 | D:4      | You fall into a shaft and drop 1 floor!
  2516 | D:5      | Entered Level 5 of the Dungeon
  2516 | D:5      | Found a glowing silver altar of Zin.
  2516 | D:5      | Found a shadowy altar of Dithmenos.
  2719 | D:5      | Found a faded altar of an unknown god.
  2721 | D:5      | Found a faded altar of an unknown god.
  2724 | D:5      | Found a bloodstained altar of Trog.
  2787 | D:5      | Reached skill level 1 in Staves
  2865 | D:4      | Reached XP level 6. HP: 45/50 MP: 6/6
  3187 | D:4      | Found a transporter.
  3201 | D:4      | Found a one-way gate to the infinite horrors of the Abyss.
  3202 | D:4      | Found a transporter.
  3202 | D:4      | Noticed PetalousPanoply's ghost (amateur MDFi)
  3373 | D:4      | Killed an ogre
  3374 | D:4      | Reached skill level 5 in Fighting
  3374 | D:4      | Reached skill level 6 in Shields
  3374 | D:4      | Reached * piety under Okawaru
  3502 | D:4      | Reached XP level 7. HP: 54/57 MP: 7/7
  3523 | D:4      | Slain by an ogre

Illustrated notes

Levels and vault maps discovered:
D:1:      lightli_arrival_statuegarden, layout_loops_corners,
          hellmonk_ecumenical_altar_zigzags, serial_shops,
          nicolae_shop_tiny_real_fake_doors, nicolae_twisty_statue_hallways
D:2:      minmay_chambers_of_twos, layout_basic,
          minmay_fractal_squares_gapless_5
D:3:      layout_basic, mainiacjoe_overflow_divided_tiny, serial_shops,
          nicolae_book_shop_shelving, shop, shop, shop
D:4:      layout_gridville, gammafunk_ghost_abyssal_escape, minmay_fountain_box,
          grunt_decor_arrowhead
D:5:      layout_loops_ring, chequers_temple_overflow_minitemple,
          minmay_temple_entry_waves

Skill      XL: |  1  2  3  4  5  6 |
---------------+-------------------+-----
Fighting       | 4 5 |  5.6
Shields        | 5 6 |  6.0
Axes           | 3 |  3.1
Staves         | 1 3 |  3.0
Armour         | |  3.2

Action                     |  1- 3 |  4- 6 |  7- 9 || total
---------------------------+-------+-------+-------++-------
  Melee: War axe           |    69 |   108 |     3 ||   180
Ability: Dig               |       |     5 |       ||     5
         Shaft Self        |       |     1 |       ||     1
    Use: Scroll            |       |     1 |       ||     1
         Potion            |       |     1 |       ||     1
 Armour: Scale mail        |    54 |    92 |     3 ||   149
  Dodge: Dodged            |    26 |    40 |       ||    66
  Block: Buckler           |    17 |    21 |     1 ||    39

Table legend: (Time is in decaauts)
 A = Elapsed time spent in this place.
 B = Non-inter-level travel time spent in this place.
 C = Inter-level travel time spent in this place.
 D = Time resting spent in this place.
 E = Time spent auto-exploring this place.
 F = Levels seen in this place.
 G = Mean time per level.
                   A        B        C        D        E       F      G
               +--------+--------+--------+--------+--------+-----+--------+
         Total |   3590 |   3525 |     65 |    289 |   2656 |   5 |  718.0 |
       Dungeon |   3590 |   3525 |     65 |    289 |   2656 |   5 |  718.0 |
               +--------+--------+--------+--------+--------+-----+--------+

Top non-repeatable levels by time:
     D:1: 920 daAuts
     D:3: 868 daAuts
     D:4: 808 daAuts
     D:2: 715 daAuts
     D:5: 277 daAuts
